Map: Ulrena

Players

zidar - Winner!

  • Race: Zerg Zerg
  • League: Gold
  • Spawn Location: 7:00

FireStorm

  • Race: Zerg Zerg
  • Spawn Location: 11:00

VOD

Have the link to the VOD?

Description

Time

  • Played on: June 12, 2016, 11:53 a.m.
  • Length: 4:06
Show
View Real Time Build Order
Export as new Build Order

zidar Zerg - Winner!

Build Orders: Pool First 

Get SALT Encoding   

  12  0:01  Drone  
  13  0:12  Overlord  
  13  0:17  Drone  
  14  0:30  Drone x2  
  14  0:34  Drone  
  17  0:48  Spawning Pool  
  16  0:50  Drone  
  17  1:15  Drone  
  17  1:16  Hatchery  
  17  1:20  Extractor, Drone  
  17  1:25  Drone  
  18  1:36  Queen  
  20  1:44  Overlord  
  20  1:48  Drone  
  21  1:54  Drone  
  22  2:02  Drone  
  23  2:15  Spine Crawler  
  22  2:36  Queen  
  25  2:41  Zergling x10  
  25  2:43  Metabolic Boost  
  29  3:09  Overlord  
  29  3:11  Zergling x2  
  29  3:12  Zergling x8  
  34  3:23  Baneling Nest  
  33  3:40  Zergling x8  
  37  3:43  Zergling x6  
  37  3:46  Zergling x8  
Show
View Real Time Build Order
Export as new Build Order

FireStorm Zerg 

Build Orders: Hatch First 

Get SALT Encoding   

  12  0:02  Drone  
  13  0:11  Drone  
  14  0:36  Hatchery  
  13  0:52  Spawning Pool  
  13  0:54  Drone  
  13  0:57  Drone  
  14  1:06  Overlord  
  14  1:24  Drone x2  
  16  1:43  Queen, Drone x2  
  20  1:49  Queen, Extractor  
  20  1:51  Drone  
  20  1:53  Drone  
  23  1:59  Drone  
  24  2:01  Drone  
  25  2:17  Drone x2  
  27  2:36  Drone  
  28  2:38  Overlord  
  28  2:39  Overlord  
  28  2:41  Overlord  
  28  2:59  Drone  
  28  3:00  Drone x5  
  28  3:05  Drone x3  
  37  3:07  Extractor  
  37  3:12  Roach Warren  
  35  3:24  Drone x2  
  35  3:25  Drone  
  35  3:26  Drone x4  
  42  3:35  Drone x2  
  42  3:37  Overlord  
  44  3:42  Extractor x2, Drone  
  44  3:43  Drone  
Tags
 
League
Gold
Matchup
ZvZ
Race
Zerg
Spawn Locations
Close Positions
Add a new tag
Caveats
  • Supply blocks, unpowered buildings, or Contaminate may cause inaccurate times.
  • Supply counts are checked every 10 seconds.